 Dungeon Crawl Stone Soup version 0.28-a0-1235-g7c8fac35f0 (webtiles) character file.

Game seed: 12907227325743192124

4249 bande the Cleaver (level 10, -3/91 HPs)
             Began as a Gargoyle Fighter on Dec 25, 2021.
             Was a Follower of Okawaru.
             Slain by a two-headed ogre (8 damage)
             ... on level 8 of the Dungeon.
             The game lasted 00:19:20 (10647 turns).

bande the Cleaver (Gargoyle Fighter)               Turns: 10647, Time: 00:19:21

Health: -3/91      AC: 25    Str: 20    XL:     10   Next: 31%
Magic:  11/11      EV:  9    Int:  9    God:    Okawaru [*.....]
Gold:   330        SH:  5    Dex: 13    Spells: 9/9 levels left

rFire   + . .      SeeInvis .   a - +1 war axe
rCold   . . .      Faith    .   c - +0 buckler
rNeg    + . .      Spirit   .   w - +1 scale mail {rF+}
rPois   ∞          Reflect  .   (no helmet)
rElec   +          Harm     .   s - +1 cloak
rCorr   .          Rampage  .   n - +0 pair of gloves
Will    .....                   (no boots)
Stlth   ..........              g - amulet of regeneration
HPRegen 1.05/turn               m - +4 ring of protection
MPRegen 0.12/turn               (no ring)

@: berserking, very quick
A: sickness immunity, AC +7, negative energy resistance 1, electricity
resistance, torment resistance 1, petrification resistance, iridescent scales 1
a: Renounce Religion, Heroism


You were on level 8 of the Dungeon.
You worshipped Okawaru.
Okawaru was aware of your devotion.
You visited 2 branches of the dungeon, and saw 9 of its levels.

You collected 330 gold pieces.

Inventory:

Hand Weapons
 a - a +1 war axe (weapon)
 p - a +0 flail of holy wrath
 y - a +0 war axe
Missiles
 E - 2 throwing nets (quivered)
Armour
 c - a +0 buckler (worn)
 n - a +0 pair of gloves (worn)
 s - a +1 cloak (worn)
 w - a +1 scale mail of fire resistance (worn)
Jewellery
 g - an amulet of regeneration (around neck)
 l - an amulet of guardian spirit
 m - a +4 ring of protection (left hand)
 v - a ring of flight
Wands
 f - a wand of mindburst (10)
 j - a wand of iceblast (21)
 B - a wand of acid (6)
Scrolls
 e - 2 scrolls of teleportation
 h - 7 scrolls of identify
 k - a scroll of blinking
 o - 3 scrolls of enchant armour
 q - a scroll of summoning
 A - a scroll of enchant weapon
 C - a scroll of vulnerability {unknown}
 D - a scroll of amnesia {unknown}
Potions
 b - 3 potions of curing
 d - 4 potions of might
 r - a potion of cancellation
 t - a potion of mutation
 u - a potion of heal wounds
 x - a potion of magic
 z - 2 potions of haste


   Skills:
 + Level 6.7 Fighting
 + Level 9.5 Axes
 + Level 7.1 Armour
 + Level 5.7 Shields
 * Level 2.4 Invocations
 * Level 4.4 Evocations


You had 9 spell levels left.
You didn't know any spells.
Your spell library contained the following spells:

 Spells                   Type           Power      Damage    Failure   Level
 Portal Projectile        Hex/Tloc       0%         N/A       97%         3
 Petrify                  Tmut/Erth      0%         N/A       100%        4
 Blade Hands              Tmut           0%         N/A       100%        5
 Excruciating Wounds      Necr           0%         N/A       100%        5
 Irradiate                Conj/Tmut      0%         3d13      100%        5
 Orb of Destruction       Conj           0%         N/A       100%        7
 Sublimation of Blood     Necr           Unusable   N/A       N/A         2
 Summon Guardian Golem    Hex/Summ       Unusable   N/A       N/A         3
 Spellforged Servitor     Conj/Summ      Unusable   N/A       N/A         7

Dungeon Overview and Level Annotations

Branches:
Dungeon (8/15)             Temple (1/1) D:6
   Lair: D:8-11

Altars:
Ashenzari
Cheibriados
Dithmenos
Elyvilon
Fedhas
Gozag
Hepliaklqana
Kikubaaqudgha
Makhleb
Okawaru
Qazlal
Ru
Sif Muna
Trog
Uskayaw
Vehumet
Wu Jian
Xom
Yredelemnul
Zin
The Shining One

Annotations:
D:7 2 transporters


Innate Abilities, Weirdness & Mutations

You are immune to sickness and miasma.
Your stone body is resilient. (AC +7)
You are immune to poison.
You resist negative energy. (rN+)
You are resistant to electric shocks. (rElec)
You are resistant to unholy torment.
You are immune to petrification.
You are partially covered in iridescent scales. (AC +2)


Message History

You closely miss the two-headed ogre.
The two-headed ogre is moderately wounded.
You hit something but do no damage. You block the two-headed ogre's attack.
The two-headed ogre hits you with a +0 giant club!
* * * LOW HITPOINT WARNING * * *
A sky beast appears from thin air!
Reactivating autopickup.
The sky beast misses you.
You feel much better.
The two-headed ogre hits you with a +0 giant club! x2
* * * LOW HITPOINT WARNING * * *
The sky beast hits you.
* * * LOW HITPOINT WARNING * * *
The sky beast shocks you. You resist.
* * * LOW HITPOINT WARNING * * *
You feel much better. You block the sky beast's attack.
The two-headed ogre hits you with a +0 giant club!!
* * * LOW HITPOINT WARNING * * *
The two-headed ogre hits you with a +0 giant club.
* * * LOW HITPOINT WARNING * * *
A red film seems to cover your vision as you go berserk!
You feel yourself moving faster!
You feel mighty! The sky beast barely misses you.
Unknown command.
You barely miss the two-headed ogre.
The two-headed ogre is moderately wounded.
You barely miss the sky beast.
The two-headed ogre hits you with a +0 giant club!
* * * LOW HITPOINT WARNING * * *
The two-headed ogre hits you with a +0 giant club.
* * * LOW HITPOINT WARNING * * *
You barely miss the two-headed ogre.
The two-headed ogre is moderately wounded.
You completely miss the sky beast. You block the sky beast's attack.
You slice the two-headed ogre!!
The two-headed ogre is severely wounded.
You barely miss the sky beast.
The two-headed ogre hits you but does no damage.
The two-headed ogre hits you with a +0 giant club!
You die...

##.##.## #..#...# .
#.....### .# .
##......##... ..
##.......... (..
#........#. ....
##..†...### ...$. ##
#.......#.##.....#
###<###.........@O.....$
#.............#..Y......
..###........##.........
........................
...#..................#.
##.#............##..###
##.#...##.....#.. ...>
.......###....#.. ....
..###..# ....#


You could see a two-headed ogre and a sky beast.

Vanquished Creatures
  The ghost of Destinykillz the Zephyrmancer, a novice DrAE of Sif Muna (D:7)
  Pikel (D:4)
  Sigmund (D:3)
  Eustachio (D:4)
  The ghost of r3xj the Covered, an amateur MiFi (D:3)
  A steam dragon (D:7)
  Menkaure (D:4)
  2 sky beasts
  2 orc warriors (D:6)
  An ice beast (D:6)
  4 ogres
  A black bear (D:7)
  A phantom (D:4)
  A lemure (D:3)
  2 kobold brigands
  2 bullfrogs
  A scorpion (D:4)
  A water moccasin skeleton (D:5)
  A vampire bat (D:5)
  An electric eel (D:6)
  4 wights (D:7)
  A bullfrog zombie (D:6)
  2 centaur zombies
  6 hounds
  2 orc priests (D:5)
  2 bullfrog skeletons (D:6)
  Jessica (D:2)
  2 iguanas
  Ijyb (D:3)
  Terence (D:3)
  4 orc wizards
  11 adders
  4 gnolls
  A howler monkey skeleton (D:5)
  2 white imps
  An ufetubus (D:5)
  2 worms
  4 dart slugs
  3 fire bats (D:5)
  13 orcs
  2 spectral bats (D:5)
  14 bats
  3 bat skeletons (D:5)
  A bat zombie (D:5)
  9 endoplasms
  3 giant cockroaches
  7 goblins
  11 hobgoblins
  7 jackals
  5 quokkas
  5 ball pythons
  A bat simulacrum (D:5)
  6 frilled lizards
  27 kobolds
  6 rats
201 creatures vanquished.

Vanquished Creatures (others)
  4 plants (D:3)
4 creatures vanquished.

Grand Total: 205 creatures vanquished

Notes
Turn   | Place    | Note
-------+----------+-------------------------------------------
     0 | D:1      | bande the Gargoyle Fighter began the quest for the Orb.
     0 | D:1      | Reached XP level 1. HP: 14/14 MP: 1/1
   150 | D:1      | You fall into a shaft and drop 1 floor!
   161 | D:2      | Reached XP level 2. HP: 17/19 MP: 2/2
   166 | D:2      | Reached skill level 2 in Axes
   433 | D:2      | Reached XP level 3. HP: 19/23 MP: 3/3
   916 | D:2      | Noticed Jessica
   926 | D:2      | Killed Jessica
   927 | D:2      | Reached XP level 4. HP: 21/29 MP: 4/4
  1055 | D:1      | Reached skill level 3 in Axes
  1967 | D:2      | Reached XP level 5. HP: 25/33 MP: 5/5
  2520 | D:3      | Found a faded altar of an unknown god.
  2598 | D:3      | Found a runed translucent gate.
  2598 | D:3      | Found a runed translucent gate.
  2598 | D:3      | Found a runed translucent gate.
  2599 | D:3      | Noticed r3xj's ghost (amateur MiFi)
  2608 | D:3      | Noticed a kobold brigand
  2725 | D:3      | Noticed Ijyb
  2729 | D:3      | Noticed Sigmund
  2730 | D:3      | Killed Ijyb
  2785 | D:3      | Killed Sigmund
  2786 | D:3      | Reached skill level 4 in Axes
  2786 | D:3      | Reached XP level 6. HP: 17/38 MP: 3/6
  3205 | D:3      | Noticed Terence
  3219 | D:3      | Killed Terence
  3772 | D:4      | Gained mutation: You are partially covered in iridescent
                  | scales. (AC +2) [potion of mutation]
  3953 | D:3      | Reached skill level 5 in Axes
  3953 | D:3      | Reached XP level 7. HP: 23/44 MP: 7/7
  3980 | D:3      | Killed r3xj's ghost
  4330 | D:4      | Found the +5 robe of Night {Dark Will+ SInv}
  4385 | D:4      | Reached skill level 5 in Armour
  4487 | D:4      | Noticed Menkaure
  4498 | D:4      | Killed Menkaure
  4499 | D:4      | Reached skill level 6 in Axes
  4822 | D:4      | Reached skill level 5 in Fighting
  4822 | D:4      | Reached XP level 8. HP: 49/49 MP: 8/8
  4847 | D:4      | Noticed Eustachio
  4881 | D:4      | Killed Eustachio
  5023 | D:3      | Reached skill level 1 in Evocations
  5056 | D:3      | HP: 1/49 [ogre (12)]
  5678 | D:4      | Noticed Pikel
  5708 | D:4      | Killed Pikel
  5709 | D:4      | Reached skill level 7 in Axes
  5950 | D:5      | Entered Level 5 of the Dungeon
  5966 | D:5      | Reached XP level 9. HP: 52/54 MP: 9/9
  5992 | D:5      | Reached skill level 5 in Shields
  6906 | D:5      | Reached skill level 8 in Axes
  7705 | D:6      | Identified a scroll of acquirement
  7705 | D:6      | Acquired an amulet of regeneration
  7988 | D:6      | Found a staircase to the Ecumenical Temple.
  8003 | Temple   | Entered the Ecumenical Temple
  9188 | D:6      | Found an iron altar of Okawaru.
  9199 | D:6      | Became a worshipper of Warmaster Okawaru
  9890 | D:7      | Found a large runed translucent door.
  9890 | D:7      | Found a large runed translucent door.
  9891 | D:7      | Noticed Destinykillz's ghost (novice DrAE)
  9907 | D:7      | Reached skill level 9 in Axes
 10083 | D:7      | Reached skill level 1 in Invocations
 10083 | D:7      | Reached XP level 10. HP: 59/61 MP: 10/10
 10125 | D:7      | Found a transporter.
 10144 | D:7      | Found a transporter.
 10529 | D:7      | Killed Destinykillz's ghost
 10529 | D:7      | Reached * piety under Okawaru
 10630 | D:8      | Noticed a two-headed ogre
 10642 | D:8      | HP: 3/61 [sky beast (2)]
 10647 | D:8      | Slain by a two-headed ogre

Illustrated notes

Levels and vault maps discovered:
D:1:      dpeg_arrival_stone_temple_mockup, layout_rooms, st_stairs_11,
          minmay_cupped
D:2:      layout_basic, uniq_jessica
D:3:      minmay_razor_zed, layout_basic, shapermc_ecumenical_altar_ellora,
          gammafunk_ghost_nasty_kobolds, lemuel_flame_loot_1, uniq_terence,
          uniq_ijyb, uniq_sigmund
D:4:      layout_loops_ring, uniq_menkaure, uniq_pikel, uniq_eustachio
D:5:      layout_gridville, corexii_shack, goddamned_bats
D:6:      layout_layer_cave, okawaru_altar_gauntlet_db,
          minmay_temple_entry_mist, lightli_minifort
D:7:      gammafunk_steamed_eel, layout_basic, ebering_ghost_disaster_area
D:8:      layout_cave_pools, serial_shops, nicolae_shop_hallway_stairs, shop
Temple:   mainiacjoe_temple_big_plus

Skill      XL: |  1  2  3  4  5  6  7  8  9 10 |
---------------+-------------------------------+-----
Axes           | 2 3 4 5 6 7 9 |  9.5
Armour         | 4 5 6 7 |  7.1
Fighting       | 4 5 6 |  6.7
Shields        | 4 5 |  5.7
Evocations     | 2 4 |  4.4
Invocations    | 1 2 |  2.4

Action                   |  1- 3 |  4- 6 |  7- 9 | 10-12 || total
-------------------------+-------+-------+-------+-------++-------
Melee: War axe           |    67 |   199 |   445 |    68 ||   779
  Use: Potion            |       |     6 |       |     3 ||     9
       Scroll            |       |     9 |     9 |       ||    18
 Stab: Invisible         |       |     2 |       |       ||     2
Armor: Scale mail        |    35 |       |    90 |    47 ||   172
       Chain mail        |       |   162 |   297 |       ||   459
       Skin              |       |    18 |       |       ||    18
Dodge: Dodged            |    39 |    95 |   191 |    14 ||   339
Block: Buckler           |    15 |    42 |   125 |    16 ||   198

Table legend: (Time is in decaauts)
 A = Elapsed time spent in this place.
 B = Non-inter-level travel time spent in this place.
 C = Inter-level travel time spent in this place.
 D = Time resting spent in this place.
 E = Time spent auto-exploring this place.
 F = Levels seen in this place.
 G = Mean time per level.
                   A        B        C        D        E       F      G
               +--------+--------+--------+--------+--------+-----+--------+
         Total |  10809 |  10786 |     23 |   2087 |   6216 |   9 | 1201.0 |
       Dungeon |  10389 |  10389 |      0 |   2087 |   5828 |   8 | 1298.6 |
        Temple |    420 |    397 |     23 |      0 |    388 |   1 |  420.0 |
               +--------+--------+--------+--------+--------+-----+--------+

Top non-repeatable levels by time:
     D:3: 2294 daAuts
     D:6: 1754 daAuts
     D:5: 1713 daAuts
     D:2: 1455 daAuts
     D:4: 1361 daAuts
     D:1: 963 daAuts
     D:7: 778 daAuts
  Temple: 420 daAuts
     D:8: 67 daAuts
